 Dungeon Crawl Stone Soup version 0.28.0-43-g3370ac3207 (webtiles) character file.

Game seed: 16614347579469573977

4368 tizbic2 the Martial Artist (level 10, -4/60 HPs)
             Began as a Djinni Monk on Mar 4, 2022.
             Was an Elder of Ru.
             Slain by a two-headed ogre
             ... wielding a +0 giant spiked club
              (22 damage)
             ... on level 9 of the Dungeon.
             The game lasted 00:45:58 (9116 turns).

tizbic2 the Martial Artist (Djinni Monk)            Turns: 9116, Time: 00:45:59

Health: -4/60      AC: 20    Str: 19 (21) XL:     10   Next: 60%
Gold:   526        EV:  7    Int: 10 (13) God:    Ru [****..] SH:  5 Dex: 14 (17)

rFire   + + .      SeeInvis +   q - +6 dagger of Ruination {vorpal, rElec Str+3 SInv}
rCold   x . .      Faith    .   (no shield)
rNeg    . . .      Spirit   .   J - +0 plate armour
rPois   ∞          Reflect  +   f - +0 helmet
rElec   +          Harm     .   (no cloak)
rCorr   .          Rampage  .   E - +2 pair of gloves
Will    +....                   (boots unavailable)
Stlth   ..........              C - amulet of reflection
HPRegen 0.20/turn               i - +4 ring of protection
MPRegen 0.00/turn               t - +6 ring of strength

@: flying
A: sickness immunity, fire resistance 2, frail 1, cold vulnerability 1,
inability to use devices, float, innate caster, HP casting, extra vitality 1
a: Renounce Religion, Draw Out Power, Power Leap


You were on level 9 of the Dungeon.
You worshipped Ru.
Ru was greatly pleased with you.
You visited 1 branch of the dungeon, and saw 9 of its levels.

You collected 526 gold pieces.

Inventory:

Hand Weapons
 a - a +4 broad axe of freezing
 q - the +6 dagger of Ruination (weapon) {vorpal, rElec Str+3 SInv}
   (You found it on level 7 of the Dungeon)

   It inflicts extra damage upon your enemies.
   Str:       It affects your strength (+3).
   rElec:     It insulates you from electricity.
   SInv:      It lets you see invisible.
 w - a +0 hand crossbow
 z - a +0 shortbow
 A - a +0 hunting sling
Missiles
 c - 198 arrows
 e - a throwing net
 g - 8 poisoned darts (quivered)
 o - 105 sling bullets
 v - a curare-tipped dart
 B - 81 bolts
Armour
 f - a +0 helmet (worn)
 E - a +2 pair of gloves (worn)
 J - a +0 plate armour (worn)
Jewellery
 i - a +4 ring of protection (left hand)
 l - a +6 ring of strength
 t - a +6 ring of strength (right hand)
 C - an amulet of reflection (around neck)
 F - a +4 ring of protection
Scrolls
 h - 2 scrolls of blinking
 k - a scroll of enchant armour {unknown}
 m - 5 scrolls of identify
 n - 4 scrolls of immolation
 r - a scroll of fear
 u - a scroll of brand weapon {unknown}
 x - a scroll of amnesia {unknown}
 y - 3 scrolls of enchant weapon {unknown}
 H - a scroll of teleportation {unknown}
 I - 2 scrolls of vulnerability {unknown}
Potions
 j - 2 potions of brilliance
 G - a potion of might {unknown}


   Skills:
 - Level 3.0 Fighting
 - Level 3.0 Axes
 + Level 5.1 Crossbows
 + Level 5.0 Armour
 - Level 3.2 Dodging
 - Level 1.5 Stealth
 * Level 12.0 Unarmed Combat


You couldn't memorise any spells.
You knew the following spells:

 Your Spells              Type           Power      Damage    Failure   Level
a - Apportation           Tloc           0%         N/A       100%        1
b - Passwall              Tmut/Erth      0%         N/A       100%        2
c - Portal Projectile     Hex/Tloc       0%         N/A       100%        3
d - Swiftness             Air            0%         N/A       100%        3
Your spell library was empty.


Dungeon Overview and Level Annotations

Branches:
Dungeon (9/15)             Temple (0/1) D:7
   Lair: D:8-11         Orc: D:9-12

Altars:
Cheibriados
Nemelex Xobeh
Ru
Trog
Vehumet
Wu Jian
Xom
Zin

Shops:
D:3 (   D:5 :   D:7 (


Innate Abilities, Weirdness & Mutations

You are immune to sickness and miasma.
You are immune to poison.
Your flesh is very heat resistant. (rF++)
You are frail. (-10% HP)
You are vulnerable to cold. (rC-)
You cannot study or use magical devices.
You float through the air rather than walking.
You learn spells naturally, not from books.
Your magical power is your life essence.
You have superior vitality. (+4 MHP)


Message History

You kill the howler monkey!
You see here a howler monkey corpse.
w - a +0 hand crossbow (weapon)
B - 82 bolts (gained 1)
Found 22 stones.
You see here 22 stones.
You now have 517 gold pieces (gained 3).
You now have 526 gold pieces (gained 9).
Found a stone staircase leading up.
Found a glowing whip.
You see here a +2 whip of venom.
A two-headed ogre comes into view.
It is wielding a +0 giant spiked club and a +0 giant club.
The two-headed ogre shouts in stereo!
You shoot a bolt. The bolt hits the two-headed ogre!
The two-headed ogre is moderately wounded.
You feel stronger.
q - the +6 dagger of Ruination (weapon)
{vorpal, rElec Str+3 SInv} The two-headed ogre hits you with a +0 giant spiked club.
The two-headed ogre closely misses you.
You hit the two-headed ogre.
The two-headed ogre is moderately wounded.
The two-headed ogre closely misses you.
The two-headed ogre hits you with a +0 giant club.
You puncture the two-headed ogre!
The two-headed ogre is heavily wounded.
You hit the two-headed ogre.
The two-headed ogre is heavily wounded.
The two-headed ogre hits you with a +0 giant spiked club!!
The two-headed ogre hits you but does no damage.
You hit the two-headed ogre but do no damage.
The two-headed ogre is heavily wounded.
The two-headed ogre hits you with a +0 giant spiked club.
The two-headed ogre hits you with a +0 giant club!
* * * LOW HITPOINT WARNING * * *
It was a potion of degeneration.
There was something very wrong with that liquid.
You feel weakened.
You feel dopey.
You feel clumsy. You block the two-headed ogre's attack.
The two-headed ogre hits you with a +0 giant club!!
You die...

#.# #.# #.# #.#
#.########.######.
#.................
#(#####.......####
#.# #.......# #.#
#...)...# #O#
#..<....# #@#
#.......# #.#
#.......#### #.#
#...........
#>#####...........
#.................
#..<..............
#.................
#.................
#.)...............


You could see a two-headed ogre.

Vanquished Creatures
  Pikel (D:7)
  Maggie (D:7)
  Sigmund (D:6)
  3 vampire mosquitoes (D:7)
  3 water moccasins
  4 orc warriors (D:8)
  A phantom (D:7)
  5 centaurs
  A kobold brigand (D:6)
  4 bullfrogs
  3 scorpions
  2 water moccasin zombies
  A wyvern zombie (D:7)
  5 wights (D:8)
  4 howler monkeys (D:9)
  2 hounds
  3 centaur zombies
  2 centaur skeletons
  A jelly (D:7)
  4 orc priests
  A gnoll shaman (D:4)
  Natasha (twice) (D:2)
  7 orc wizards
  A hound skeleton (D:5)
  4 gnolls
  6 adders
  2 shadow imps
  A white imp (D:5)
  An ufetubus (D:7)
  4 worms
  3 dart slugs
  34 orcs
  11 bats
  10 endoplasms
  11 giant cockroaches
  6 goblins
  7 hobgoblins
  4 jackals
  2 quokkas
  7 ball pythons
  4 frilled lizards
  11 kobolds
  6 rats
196 creatures vanquished.

Vanquished Creatures (others)
  A demonic plant (D:2)
1 creature vanquished.

Grand Total: 197 creatures vanquished

Notes
Turn   | Place    | Note
-------+----------+-------------------------------------------
     0 | D:1      | tizbic2 the Djinni Monk began the quest for the Orb.
     0 | D:1      | Reached XP level 1. HP: 20/20 MP: 0/0
   175 | D:1      | Reached XP level 2. HP: 23/25 MP: 0/0
   525 | D:1      | Reached skill level 4 in Unarmed Combat
   525 | D:1      | Reached XP level 3. HP: 30/30 MP: 0/0
   525 | D:1      | Learned a level 1 spell: Apportation
  1609 | D:2      | Reached XP level 4. HP: 35/35 MP: 0/0
  1696 | D:2      | Reached skill level 1 in Armour
  1920 | D:2      | Found a faded altar of an unknown god.
  1920 | D:2      | Noticed a hellwing
  1968 | D:2      | Noticed Natasha
  1980 | D:2      | Killed Natasha
  2332 | D:2      | Reached skill level 5 in Unarmed Combat
  2332 | D:2      | Reached XP level 5. HP: 38/40 MP: 0/0
  2332 | D:2      | Learned a level 2 spell: Passwall
  2336 | D:2      | Noticed Natasha
  2345 | D:2      | Killed Natasha
  2668 | D:3      | Found a sparkling altar of Nemelex Xobeh.
  2708 | D:3      | Reached XP level 6. HP: 37/46 MP: 0/0
  2917 | D:3      | Found a snail-covered altar of Cheibriados.
  3120 | D:3      | Found Afuxash's Antique Weapon Shoppe.
  3163 | D:3      | Reached skill level 6 in Unarmed Combat
  3781 | D:4      | Reached skill level 1 in Axes
  3794 | D:4      | Reached XP level 7. HP: 26/50 MP: 0/0
  3794 | D:4      | Learned a level 3 spell: Portal Projectile
  4266 | D:5      | Entered Level 5 of the Dungeon
  4293 | D:5      | Noticed a water moccasin
  4301 | D:5      | Killed a water moccasin
  4452 | D:5      | Found a sacrificial altar of Ru.
  4461 | D:5      | Became a worshipper of Ru the Awakened
  4471 | D:5      | Gained mutation: You cannot study or use magical devices.
                  | [Ru sacrifice]
  4471 | D:5      | Reached * piety under Ru
  4471 | D:5      | Reached ** piety under Ru
  4606 | D:5      | Reached skill level 7 in Unarmed Combat
  4787 | D:5      | Reached XP level 8. HP: 53/56 MP: 0/0
  5044 | D:5      | Found Gafucoj's Book Boutique.
  5289 | D:6      | Found a bloodstained altar of Trog.
  5559 | D:6      | Noticed Sigmund
  5971 | D:6      | Killed Sigmund
  5972 | D:6      | Reached skill level 8 in Unarmed Combat
  6316 | D:7      | Reached skill level 1 in Crossbows
  6344 | D:7      | Noticed Maggie
  6366 | D:7      | Killed Maggie
  6367 | D:7      | Reached skill level 9 in Unarmed Combat
  6367 | D:7      | Reached XP level 9. HP: 28/60 MP: 0/0
  6367 | D:7      | Learned a level 3 spell: Swiftness
  6566 | D:7      | Identified the +6 dagger of Ruination {vorpal, rElec Str+3
                  | SInv}
  6645 | D:7      | Noticed Pikel
  6667 | D:7      | Killed Pikel
  6668 | D:7      | Reached skill level 10 in Unarmed Combat
  6900 | D:7      | Found Kauwaos's Weapon Boutique.
  6955 | D:7      | Reached XP level 10. HP: 50/67 MP: 0/0
  7084 | D:7      | Found a staircase to the Ecumenical Temple.
  7144 | D:7      | Reached skill level 11 in Unarmed Combat
  7701 | D:8      | Gained mutation: You are frail. (-10% HP) [Ru sacrifice]
  7701 | D:8      | Reached *** piety under Ru
  7701 | D:8      | Reached **** piety under Ru
  8651 | D:8      | Found an ornate altar of the Wu Jian Council.
  8844 | D:8      | Reached skill level 5 in Crossbows
  8885 | D:9      | Found a glowing silver altar of Zin.
  8887 | D:9      | Noticed an angel
  8893 | D:9      | Found a shimmering altar of Xom.
  8950 | D:9      | Reached skill level 5 in Armour
  8950 | D:9      | Reached skill level 12 in Unarmed Combat
  9103 | D:9      | Noticed a two-headed ogre
  9116 | D:9      | Slain by a two-headed ogre

Illustrated notes

Levels and vault maps discovered:
D:1:      psy_arrival_terrarium, layout_basic, chequers_serial_rivers_marsh,
          skrybe_limestone_x
D:2:      layout_basic, dreamdust_ecumenical_altar_sealed_demon, st_stairs_11,
          uniq_natasha
D:3:      minmay_roachtagon, layout_rooms, mainiacjoe_overflow_24_doors,
          lemuel_round_altar, serial_shops, shop
D:4:      layout_basic, corexii_leaking_fountain, minmay_statues_item
D:5:      layout_loops_ring, mainiacjoe_overflow_tiny_flanked, serial_shops,
          kennysheep_mini_moat
D:6:      layout_basic, lemuel_crystal_altar, roderic_batcave, uniq_sigmund
D:7:      layout_rooms, minmay_temple_entry_waves, serial_shops, shop_fountains,
          minmay_quadrilaterals, uniq_maggie, uniq_pikel
D:8:      layout_rooms, gammafunk_temple_overflow_wave,
          kennysheep_generic_room_4
D:9:      layout_small_grid, grunt_temple_overflow_order_and_chaos_1,
          mainiacjoe_overflow_concentric_impassable, david_lair_generic,
          kb_lookout_dungeons_type

Skill      XL: |  1  2  3  4  5  6  7  8  9 10 |
---------------+-------------------------------+-----
Unarmed Combat | 4 5 6 7 9 10 12 | 12.0
Armour         | 1 2 3 4 5 |  5.0
Axes           | 1 2 3 |  3.0
Crossbows      | 2 3 5 |  5.1
Fighting       | |  3.0
Dodging        | |  3.2
Stealth        | |  1.5

Action                   |  1- 3 |  4- 6 |  7- 9 | 10-12 || total
-------------------------+-------+-------+-------+-------++-------
Melee: Unarmed           |   109 |    99 |       |       ||   208
       Punch             |     2 |     6 |    11 |    11 ||    30
       Broad axe         |       |    60 |   120 |    26 ||   206
       Short sword       |       |       |     4 |       ||     4
       Dagger            |       |       |    35 |    95 ||   130
 Fire: Hunting sling     |       |     3 |    41 |       ||    44
       Hand crossbow     |       |       |    14 |    36 ||    50
Throw: Stone             |       |    36 |       |       ||    36
       Dart              |       |     6 |     1 |       ||     7
 Cast: Apportation       |     2 |       |       |       ||     2
Invok: Sacrifice Artific |       |       |     1 |       ||     1
       Power Leap        |       |       |       |     2 ||     2
       Sacrifice Health  |       |       |       |     1 ||     1
  Use: Scroll            |     1 |     5 |     1 |       ||     7
       Potion            |       |       |     4 |     1 ||     5
 Stab: Sleeping          |     3 |       |       |       ||     3
       Distracted        |       |       |       |     1 ||     1
Armor: Ring mail         |    22 |       |       |       ||    22
       Chain mail        |    20 |   108 |   112 |    68 ||   308
       Plate armour      |       |       |       |    42 ||    42
Dodge: Dodged            |    41 |    58 |    87 |    45 ||   231
Block: Other             |       |       |    43 |    27 ||    70
       Reflection        |       |       |     1 |       ||     1
       Orb               |       |       |       |     3 ||     3
